 Dungeon Crawl Stone Soup version 0.29.0-4-gdea44cf6ec (webtiles) character file.

Game seed: 9017480291963374533

22 qw the Caller (level 2, -1/23 HPs)
             Began as a Ghoul Summoner on Sept 10, 2022.
             Slain by a gnoll
             ... wielding a +0 club
              (7 damage)
             ... on level 2 of the Dungeon.
             The game lasted 00:00:24 (1498 turns).

qw the Caller (Ghoul Summoner)                      Turns: 1498, Time: 00:00:25

Health: -1/23      AC:  2    Str: 11    XL:     2   Next: 91%
Magic:  0/3        EV: 12    Int: 10    God:
Gold:   34         SH:  0    Dex:  9    Spells: 3/4 levels left

rFire   . . .      SeeInvis .   Y - +0 hand axe
rCold   + . .      Faith    .   (no shield)
rNeg    + + +      Spirit   .   a - +0 robe
rPois   inf        Reflect  .   (no helmet)
rElec   .          Harm     .   (no cloak)
rCorr   .          Rampage  .   (no gloves)
Will    .....                   (no boots)
Stlth   ++........              (no amulet)
HPRegen 0.00/turn               (no ring)
MPRegen 0.08/turn               (no ring)

@: very slightly contaminated, inhibited regen
A: claws 1, cold resistance 1, negative energy resistance 3, inhibited
regeneration, torment resistance 2, devour on kill
a: no special abilities


You were on level 2 of the Dungeon.
You visited 1 branch of the dungeon, and saw 2 of its levels.

You collected 34 gold pieces.


Innate Abilities, Weirdness & Mutations

You are immune to poison.
You have sharp fingernails.
Your flesh is cold resistant. (rC+)
You are immune to negative energy. (rN+++)
You do not regenerate when monsters are visible.
You are immune to unholy pain and torment.
You thrive by killing the living.


   Skills:
 - Level 1.0 Fighting
 + Level 1.9 Axes
 - Level 1.7 Dodging
 - Level 2.1 Stealth
 - Level 1.7 Spellcasting
 - Level 3.6 Summonings


You had 3 spell levels left.
You knew the following spells:

 Your Spells              Type           Power      Damage    Failure   Level
a - Summon Small Mammal   Summ           32%        N/A       8%          1

Your spell library contained the following spells:

 Spells                   Type           Power      Damage    Failure   Level
 Call Imp                 Summ           8%         N/A       11%         2
 Call Canine Familiar     Summ           8%         N/A       22%         3
 Summon Guardian Golem    Hex/Summ       4%         N/A       43%         3
 Summon Lightning Spire   Summ/Air       4%         N/A       83%         4

Inventory:

Hand Weapons
 i - a +0 whip
 Y - a +0 hand axe (weapon)
Armour
 a - a +0 robe (worn)
Scrolls
 f - a scroll of identify
Potions
 b - a potion of invisibility {unknown}
 e - 2 potions of curing
 g - a potion of flight {unknown}
 j - a potion of haste

Dungeon Overview and Level Annotations

Branches:
Dungeon (2/15)

Altars:


Message History

You miscast Summon Small Mammal.
You are very lightly contaminated with residual magic.
Nothing appears to happen.
Your bat completely misses the hobgoblin.
Your bat barely misses the hobgoblin.
You swap places.
Found a potion of curing and 9 gold pieces.
Found a stone staircase leading down.
You feel yourself slow down.
You hit the hobgoblin.
You kill the hobgoblin!
Your bat hits the gnoll but does no damage. x2
Your bat hits the gnoll.
Found a trident.
Your bat barely misses the gnoll.
Your bat closely misses the gnoll.
A ball python comes into view.
Your bat barely misses the gnoll.
The gnoll hits you from afar with a +0 spear.
You see here a hobgoblin corpse.
You barely miss the gnoll.
The gnoll is lightly wounded.
You hit the gnoll. Your bat hits the gnoll.
Your bat hits the gnoll but does no damage.
Your bat hits the gnoll.
The gnoll hits you from afar with a +0 spear!
The gnoll closely misses you.
You hit the gnoll.
The gnoll is moderately wounded.
You hit the gnoll. Your bat hits the gnoll.
Your bat closely misses the gnoll.
Your bat barely misses the gnoll.
Your bat closely misses the gnoll.
The gnoll closely misses you. The gnoll barely misses you.
The gnoll hits you with a +0 spear.
You barely miss the gnoll.
The gnoll is heavily wounded.
You barely miss the gnoll.
Your bat closely misses the gnoll. x2; The gnoll barely misses you.
The gnoll hits you with a +0 club!
You die...

#.##### #>#<# #.# #
#.#.# #####.# # ..#.#
#8.8#.#####
#$#.####..........
#.#.##8.8.8..#####
#.#.##..._...# #
).#####.#.##..8...8# #
.!.Sbg.@..####....######
#.....gg##....8.........
#.)..b..##.#############
#.#####.##.# # #.##.#
#....# #.#### #.#


You could see 3 gnolls, a ball python and 2 friendly bats.

Vanquished Creatures
  2 bats (D:1)
  An endoplasm (D:1)
  2 goblins (D:1)
  2 hobgoblins
  A jackal (D:1)
  A quokka (D:1)
  2 ball pythons (D:1)
  4 kobolds (D:1)
  A rat (D:1)
16 creatures vanquished.

Vanquished Creatures (collateral kills)
  A goblin (D:1)
  2 rats (D:1)
3 creatures vanquished.

Grand Total: 19 creatures vanquished

Notes
Turn   | Place    | Note
-------+----------+-------------------------------------------
     0 | D:1      | qw the Ghoul Summoner began the quest for the Orb.
     0 | D:1      | Reached XP level 1. HP: 14/14 MP: 2/2
     0 | D:1      | 0 ||| qw: Version: 0.1-a-116-g5d60599
     0 | D:1      | 0 ||| qw: Game counter: 7415
     0 | D:1      | 0 ||| qw: Always use a shield: true
     0 | D:1      | 0 ||| qw: God list: Okawaru
     0 | D:1      | 0 ||| qw: Allow faded altars: false
     0 | D:1      | 0 ||| qw: Do Orc after D:15 true
     0 | D:1      | 0 ||| qw: Do second Lair branch before Depths: true
     0 | D:1      | 0 ||| qw: Lair rune preference: random
     0 | D:1      | 0 ||| qw: Plans: Normal
     0 | D:1      | 0 ||| PLANNING D:1-11
    25 | D:1      | 25 ||| Wielding weapon +0 spear.
    33 | D:1      | 33 ||| CASTING Summon Small Mammal
    34 | D:1      | 34 ||| CASTING Summon Small Mammal
    85 | D:1      | 85 ||| CASTING Summon Small Mammal
    86 | D:1      | 86 ||| CASTING Summon Small Mammal
   128 | D:1      | 128 ||| CASTING Summon Small Mammal
   129 | D:1      | 129 ||| CASTING Summon Small Mammal
   281 | D:1      | 281 ||| CASTING Summon Small Mammal
   282 | D:1      | 282 ||| CASTING Summon Small Mammal
   289 | D:1      | Reached skill level 1 in Axes
   292 | D:1      | 292 ||| Stepping ~*~*~tactically~*~*~ (stealth).
   293 | D:1      | 293 ||| CASTING Summon Small Mammal
   296 | D:1      | Reached XP level 2. HP: 9/22 MP: 0/3
   304 | D:1      | Reached skill level 1 in Fighting
   305 | D:1      | 305 ||| CASTING Summon Small Mammal
   576 | D:1      | 576 ||| CASTING Summon Small Mammal
   577 | D:1      | 577 ||| CASTING Summon Small Mammal
   578 | D:1      | 578 ||| CASTING Summon Small Mammal
   618 | D:1      | 618 ||| CASTING Summon Small Mammal
   619 | D:1      | 619 ||| CASTING Summon Small Mammal
   620 | D:1      | 620 ||| CASTING Summon Small Mammal
   662 | D:1      | 662 ||| CASTING Summon Small Mammal
   663 | D:1      | 663 ||| CASTING Summon Small Mammal
   664 | D:1      | 664 ||| CASTING Summon Small Mammal
   701 | D:1      | 701 ||| CASTING Summon Small Mammal
   702 | D:1      | 702 ||| CASTING Summon Small Mammal
   703 | D:1      | 703 ||| CASTING Summon Small Mammal
   815 | D:1      | 815 ||| SWAPPING to +0 hand axe.
   816 | D:1      | 816 ||| DROPPING +0 spear.
   862 | D:1      | 862 ||| CASTING Summon Small Mammal
   863 | D:1      | 863 ||| CASTING Summon Small Mammal
   864 | D:1      | 864 ||| CASTING Summon Small Mammal
   952 | D:1      | 952 ||| DROPPING +0 club.
   994 | D:1      | 994 ||| CASTING Summon Small Mammal
   997 | D:1      | 997 ||| CASTING Summon Small Mammal
   998 | D:1      | 998 ||| CASTING Summon Small Mammal
  1086 | D:1      | 1086 ||| CASTING Summon Small Mammal
  1087 | D:1      | 1087 ||| CASTING Summon Small Mammal
  1088 | D:1      | 1088 ||| CASTING Summon Small Mammal
  1132 | D:1      | 1132 ||| CASTING Summon Small Mammal
  1133 | D:1      | 1133 ||| CASTING Summon Small Mammal
  1134 | D:1      | 1134 ||| CASTING Summon Small Mammal
  1346 | D:1      | 1346 ||| CASTING Summon Small Mammal
  1347 | D:1      | 1347 ||| CASTING Summon Small Mammal
  1348 | D:1      | 1348 ||| CASTING Summon Small Mammal
  1431 | D:1      | 1431 ||| READING scroll labelled ZOEKAS VUIH.
  1432 | D:1      | 1432 ||| READING scroll labelled ATUTUTONAC.
  1433 | D:1      | 1433 ||| READING 2 scrolls labelled GIGYUJ VAYBO.
  1434 | D:1      | 1434 ||| DRINKING 3 sedimented black potions.
  1435 | D:1      | 1435 ||| DRINKING 2 viscous inky potions.
  1436 | D:1      | 1436 ||| DROPPING potion of magic.
  1471 | D:2      | Found a faded altar of an unknown god.
  1490 | D:2      | 1490 ||| CASTING Summon Small Mammal
  1491 | D:2      | 1491 ||| CASTING Summon Small Mammal
  1492 | D:2      | 1492 ||| CASTING Summon Small Mammal
  1498 | D:2      | Slain by a gnoll

Levels and vault maps discovered:
D:1:      dpeg_arrival_pits, layout_loops_corners, minmay_tetromino_l4
D:2:      layout_loops_ring, basic_altar, ebering_ecumenical_altar_ruins,
          serial_park_tiny_1, minmay_vboxes

Skill      XL: |  1  2 |
---------------+-------+-----
Axes           | 1 |  1.9
Fighting       | 1 |  1.0
Dodging        | |  1.7
Stealth        | |  2.1
Spellcasting   | |  1.7
Summonings     | |  3.6

Action                   || total
-------------------------++-------
Melee: Spear             ||    33
       Hand axe          ||    16
 Cast: Summon Small Mamm ||    34
  Use: Scroll            ||     3
       Potion            ||     2
 Stab: Distracted        ||     1
Armor: Robe              ||     5
Dodge: Dodged            ||    19

Table legend:
 A = Non-vault XP
 B = Vault XP
 C = Vault XP percentage of total XP
 D = Non-vault monster count
 E = Vault monster count
 F = Vault count percentage of total count
                 A         B        C        D         E       F
            +---------+---------+-------+---------+---------+-------
      Total |      25 |       7 |  21.9 |      15 |       4 |  21.1
            +---------+---------+-------+---------+---------+-------
        D:1 |      23 |       7 |  23.3 |      14 |       4 |  22.2
        D:2 |       2 |       0 |   0.0 |       1 |       0 |   0.0
            +---------+---------+-------+---------+---------+-------
